 Dungeon Crawl Stone Soup version 0.27-a0-1319-geec4fb4e21 (webtiles) character file.

Game seed: 15244357075375529979

203 Kold the Cudgeller (level 5, -6/32 HPs)
             Began as a Gargoyle Fighter on June 21, 2021.
             Splashed by a jelly's acid (9 damage)
             ... on level 4 of the Dungeon.
             The game lasted 00:06:02 (2836 turns).

Kold the Cudgeller (Gargoyle Fighter)               Turns: 2836, Time: 00:06:02

Health: -6/32      AC: 12    Str: 19    XL:     5   Next: 81%
Magic:  5/5        EV:  7    Int:  9    God:
Gold:   150        SH:  9    Dex: 10    Spells: 4/4 levels left

rFire    . . .     SeeInvis .   e - +2 mace (protect)
rCold    . . .     Faith    .   c - +0 kite shield
rNeg     + . .     Spirit   .   n - +2 scale mail {Will+}
rPois    ∞         Reflect  .   (no helmet)
rElec    +         Harm     .   (no cloak)
rCorr    .         Rampage  .   (no gloves)
Will     +....                  (no boots)
Stlth    ..........             (no amulet)
HPRegen  0.10/turn              (no ring)
MPRegen  0.09/turn              (no ring)

@: flying (expiring), very slightly contaminated, invisible
A: sickness immunity, AC +4, negative energy resistance 1, electricity
resistance, torment resistance 1, petrification resistance
a: no special abilities


You were on level 4 of the Dungeon.
You visited 1 branch of the dungeon, and saw 4 of its levels.

You collected 150 gold pieces.

Inventory:

Hand Weapons
 a - a +0 flail
 e - a +2 mace of protection (weapon)
 g - the +0 eveningstar "Grim Tooth" {speed, *Noise Int+8 Stlth+}
   (You acquired it on level 2 of the Dungeon)

   Attacks with this weapon are significantly faster.
   It affects your intelligence (+8).
   It may make noises in combat.
   It makes you more stealthy.
Armour
 c - a +0 kite shield (worn)
 n - a +2 scale mail of willpower (worn)
Jewellery
 j - a ring of fire
Scrolls
 h - a scroll of holy word
 m - 2 scrolls of identify
Potions
 d - a potion of might
 f - a potion of flight
 i - a potion of mutation


   Skills:
 - Level 3.2 Fighting
 * Level 5.4 Maces & Flails
 - Level 3.2 Armour
 - Level 4.0 Shields


You had 4 spell levels left.
You didn't know any spells.
Your spell library was empty.

Dungeon Overview and Level Annotations

Branches:
Dungeon (4/15)
 Temple: D:4-7

Altars:
Cheibriados
Zin

Shops:
D:1 =   D:3 =

Annotations:
D:2 Terence
D:4 Edmund


Innate Abilities, Weirdness & Mutations

You are immune to sickness and miasma.
Your stone body is resilient. (AC +4)
You are immune to poison.
You resist negative energy. (rN+)
You are resistant to electric shocks. (rElec)
You are resistant to unholy torment.
You are immune to petrification.


Message History

Edmund is nearby!
Edmund hits you with a +7 flail of protection!
You hit Edmund.
Your weapon exudes an aura of protection.
Edmund is lightly wounded.
Edmund hits you with a +7 flail of protection. x2
* * * LOW HITPOINT WARNING * * *
You sock Edmund!
Edmund is moderately wounded.
Edmund hits you with a +7 flail of protection.
* * * LOW HITPOINT WARNING * * *
You hit Edmund but do no damage.
Edmund is moderately wounded.
You block Edmund's attack.
It was a potion of flight.
You feel very buoyant.
You fly up into the air.
Edmund hits you but does no damage.
It was a potion of invisibility.
You fade into invisibility!
You block Edmund's attack.
You are very lightly contaminated with residual magic.
Edmund barely misses you.
Edmund says, "People think my brother is the best.
I think he's crazy."
A jelly comes into view.
The jelly quivers.
You block Edmund's attack.
Found 12 gold pieces.
As you read the scroll labelled ETAK WYSKOKK, it crumbles to dust.
It is a scroll of enchant armour.
Your +1 scale mail of willpower glows green for a moment.
You block Edmund's attack.
Found 17 bolts.
Found 20 stones.
Found 30 stones.
You see here 17 bolts.
You are starting to lose your buoyancy.
The jelly hits you.
* * * LOW HITPOINT WARNING * * *
You are splashed with acid!
You die...

. #..###§§§ ## ..
#.....§§§ .# ...
##.#..§§§§
.###.....#.###.#.§§§§.
.#............<# #§§§.
...#.....#.##### #.§
.#.#..##.#$ #..
.#.#...... #######.
.#.#...#. #.@...#
##...... ###J###...#
#...# #.@....(....
#...# #.##..#.####
#...######.##..###
####.................
..............#....##
...................#
.............###.#.#


You could see Edmund and a jelly.

Vanquished Creatures
  An ogre (D:3)
  A mummy (D:3)
  5 adders
  2 orcs
  7 endoplasms
  2 giant cockroaches (D:1)
  5 goblins
  7 hobgoblins
  7 kobolds
  5 quokkas
  7 ball pythons
  6 bats
  A frilled lizard (D:1)
  5 rats
61 creatures vanquished.

Notes
Turn   | Place    | Note
-------+----------+-------------------------------------------
     0 | D:1      | Kold the Gargoyle Fighter began the quest for the Orb.
     0 | D:1      | Reached XP level 1. HP: 14/14 MP: 1/1
    89 | D:1      | Reached XP level 2. HP: 19/19 MP: 2/2
   406 | D:1      | Reached skill level 3 in Maces & Flails
   407 | D:1      | Reached XP level 3. HP: 23/23 MP: 3/3
   426 | D:1      | Found Nubboshyann's Jewellery Shoppe.
   491 | D:1      | Found a faded altar of an unknown god.
  1416 | D:2      | Noticed Terence
  1783 | D:2      | Identified a scroll of acquirement
  1783 | D:2      | Acquired the +0 eveningstar "Grim Tooth" {speed, *Noise
                  | Int+8 Stlth+}
  1883 | D:3      | Reached XP level 4. HP: 28/28 MP: 4/4
  1895 | D:3      | Noticed an ogre
  1904 | D:3      | Killed an ogre
  1905 | D:3      | Reached skill level 4 in Maces & Flails
  1905 | D:3      | Reached XP level 5. HP: 24/32 MP: 5/5
  1911 | D:3      | Reached skill level 5 in Maces & Flails
  2099 | D:3      | Found Retinu's Jewellery Shoppe.
  2237 | D:3      | Found a snail-covered altar of Cheibriados.
  2373 | D:3      | Found a glowing silver altar of Zin.
  2796 | D:4      | Noticed Edmund
  2836 | D:4      | Splashed by a jelly's acid

Illustrated notes

Levels and vault maps discovered:
D:1:      matt_arrival_grand_opening, layout_loops_cross,
          ebering_ecumenical_altar_abandoned, serial_shops, shop, serial_glass,
          glass_columns_a, glass_columns_c, glass_columns_a, glass_columns_a,
          glass_columns_c, glass_columns_b, glass_columns_a, glass_columns_a,
          glass_columns_a, glass_columns_c, glass_columns_c, glass_columns_c,
          glass_columns_b, glass_columns_b, st_stairs_6, minmay_hedge_maze,
          nrook_campfire, moated_statue
D:2:      layout_rooms, uniq_robin, uniq_terence
D:3:      layout_basic, zin_scriptorium, slow_altar_2, serial_shops,
          nicolae_shop_trees
D:4:      layout_loops_cross, nicolae_dithmenos_the_darkroom,
          minmay_manual_mares, uniq_edmund

Skill      XL: |  1  2  3  4  5 |
---------------+----------------+-----
Maces & Flails | 3 4 5 |  5.4
Shields        | 4 |  4.0
Fighting       | |  3.2
Armour         | |  3.2

Action                   |  1- 3 |  4- 6 || total
-------------------------+-------+-------++-------
Melee: Flail             |   117 |       ||   117
       Eveningstar       |    10 |    34 ||    44
       Mace              |       |    24 ||    24
Throw: Throwing net      |     2 |       ||     2
  Use: Scroll            |     5 |     1 ||     6
       Potion            |       |     2 ||     2
Armor: Scale mail        |    70 |    25 ||    95
Dodge: Dodged            |    34 |    19 ||    53
Block: Kite shield       |    82 |    25 ||   107

Table legend: (Time is in decaauts)
 A = Elapsed time spent in this place.
 B = Non-inter-level travel time spent in this place.
 C = Inter-level travel time spent in this place.
 D = Time resting spent in this place.
 E = Time spent auto-exploring this place.
 F = Levels seen in this place.
 G = Mean time per level.
                   A        B        C        D        E       F      G
               +--------+--------+--------+--------+--------+-----+--------+
         Total |   2904 |   2752 |    152 |    638 |   1601 |   4 |  726.0 |
       Dungeon |   2904 |   2752 |    152 |    638 |   1601 |   4 |  726.0 |
               +--------+--------+--------+--------+--------+-----+--------+

Top non-repeatable levels by time:
     D:1: 1265 daAuts
     D:3: 803 daAuts
     D:2: 662 daAuts
     D:4: 173 daAuts
